 Dungeon Crawl Stone Soup version 0.30-a0-603-g51a0fb1b98 (webtiles) character file.

Game seed: 14976992777506708736

3501 tilp the Basher (level 10, -1/76 (83) HPs)
             Began as a Meteoran Fighter on Jan 7, 2023.
             Slain by a kobold
             ... wielding a +1 whip of electrocution
              (14 damage)
             ... on level 8 of the Dungeon.
             The game lasted 00:18:09 (3480 turns).

tilp the Basher (Meteoran Fighter)                  Turns: 3480, Time: 00:18:09

HP:   -1/76 (83)    AC: 13    Str: 18    XL:     10   Next: 52%
MP:   11/11         EV: 10    Int: 11    God:
Gold: 306           SH:  6    Dex: 17    Spells: 9/9 levels left

rFire   + + .      SeeInvis +    a - +7 whip "Botusido" {elec, Fly rC+ SInv}
rCold   + + .      Faith    .    c - +0 buckler
rNeg    . . .      Spirit   .    g - +0 chain mail
rPois   .          Reflect  .    (no helmet)
rElec   .          Harm     .    p - +1 cloak {Will+}
rCorr   .          Rampage  .    (no gloves)
Will    ++...                    u - +0 pair of boots of Saunues {rF++ rC+ Str-2 Int+2} Stlth
                                 s - amulet of magic regeneration
HPRegen 0.32/turn                (no ring)
MPRegen 0.52/turn                (no ring)

@: flying, glowing, drained
A: sense surroundings 2, otherworldly, glowing, explore regen
a: no special abilities


You were on level 8 of the Dungeon.
You visited 2 branches of the dungeon, and saw 9 of its levels.
You also visited: Sewer.

You collected 306 gold pieces.

Inventory:

Hand Weapons
 a - the +7 whip "Botusido" (weapon) {elec, Fly rC+ SInv}
   (You found it on level 4 of the Dungeon)

   rC:        It protects you from cold.
   SInv:      It lets you see invisible.
   Fly:       It grants you flight.
 b - a +0 flail of holy wrath
 o - a +1 morningstar of protection
 y - a +5 flail of protection
 H - a +0 long sword of flaming
 I - the +5 quarterstaff "Hutafein" {heavy, rF+ Dex+2}
   (You found it on level 7 of the Dungeon)

   Dex:       It affects your dexterity (+2).
   rF:        It protects you from fire.
Missiles
 m - 5 javelins
 n - 7 boomerangs (quivered)
 L - a throwing net
Armour
 c - a +0 buckler (worn)
 e - the +1 ring mail of Eternity {Fly Str+4}
   (You found it on level 3 of the Dungeon)

   Str:       It affects your strength (+4).
   Fly:       It grants you flight.
 g - a +0 chain mail (worn)
 p - a +1 cloak of willpower (worn)
 u - the +0 pair of boots of Saunues (worn) {rF++ rC+ Str-2 Int+2}
   (You found it on level 3 of the Dungeon)

   Str:       It affects your strength (-2).
   Int:       It affects your intelligence (+2).
   rF:        It greatly protects you from fire.
   rC:        It protects you from cold.
 B - a +2 scale mail of cold resistance
 J - a +0 pair of boots
 K - +0 swamp dragon scales
Jewellery
 s - an amulet of magic regeneration (around neck)
 t - a ring of ice
 N - a +6 ring of intelligence
 Q - a ring of poison resistance
Wands
 x - a wand of digging (5)
 P - a wand of iceblast (12)
Scrolls
 f - a scroll of immolation
 l - 5 scrolls of teleportation
 v - a scroll of amnesia
 w - 2 scrolls of enchant weapon
 C - a scroll of torment
 D - a scroll of blinking
 M - a scroll of fear
 O - a scroll of identify
Potions
 d - 4 potions of might
 h - 4 potions of brilliance
 i - a potion of lignification
 j - a potion of magic {unknown}
 q - 4 potions of heal wounds
 r - 2 potions of degeneration {unknown}
 z - 2 potions of attraction {unknown}
 A - 2 potions of flight
 E - a potion of mutation {unknown}
 F - a potion of invisibility {unknown}
 G - 3 potions of haste {unknown}


   Skills:
 + Level 6.3 Fighting
 - Level 3.1 Long Blades
 + Level 8.3 Maces & Flails
 + Level 4.6 Throwing
 - Level 6.0 Armour
 + Level 8.2 Dodging
 - Level 4.0 Stealth
 - Level 6.0 Shields
 * Level 2.8 Evocations


You had 9 spell levels left.
You didn't know any spells.
Your spell library was empty.

Dungeon Overview and Level Annotations

Branches:
Dungeon (8/15) Zot: 1781   Temple (1/1) D:5 Zot: 382   Sewer (visited)
   Lair: D:8-11

Altars:
Ashenzari
Cheibriados
Dithmenos
Elyvilon
Fedhas
Gozag
Hepliaklqana
Kikubaaqudgha
Nemelex Xobeh
Qazlal
Ru
Sif Muna
Trog
Uskayaw
Vehumet
Wu Jian
Yredelemnul
Zin
The Shining One

Shops:
D:5 *

Annotations:
D:3 1 runed translucent door, Athor's ghost, amateur FoHu
D:4 1 runed translucent door
D:5 1 transporter, kae's ghost, novice DsTm


Innate Abilities, Weirdness & Mutations

You passively map the area around you.
You are easily found by Zot.
You glow in the dark.
You regain HP and MP as you explore.


Message History

The kobold closely misses you.
The kobold brigand hits you with a +0 short sword.
* * * LOW HITPOINT WARNING * * *
Unknown command.
You hit the kobold brigand.
The kobold brigand is almost dead.
Unknown command.
You whack the kobold brigand!
Lightning courses through the kobold brigand!
You kill the kobold brigand!
The sky beast hits you but does no damage.
Unknown command.
You miss the sky beast. The sky beast hits you.
* * * LOW HITPOINT WARNING * * *
The sky beast shocks you.
* * * LOW HITPOINT WARNING * * *
The kobold barely misses you.
Unknown command.
You barely miss the kobold. You miss the kobold.
The kobold hits you with a +1 whip of electrocution.
* * * LOW HITPOINT WARNING * * *
The kobold hits you but does no damage.
The sky beast hits you but does no damage.
You whack the kobold!
You kill the kobold!
The sky beast hits you but does no damage.
The kobold hits you but does no damage.
Unknown command.
You miss the sky beast.
The sky beast hits you but does no damage.
You hit the sky beast.
The sky beast is lightly wounded.
You closely miss the sky beast.
The sky beast is lightly wounded.
The sky beast hits you but does no damage.
The kobold hits you with a +1 whip of electrocution.
* * * LOW HITPOINT WARNING * * *
You are electrocuted!
You die...

#...##.###.##.#.>#.##.#
, ** *
#...##....###.#......#
,, ,
#...##..###.........##
* ....##..###.#.##...##
* ....................#
,
.#................##.#
* *
....##..###.###...##..#
** ..#.##..###.[...Y..#
.# * *
###.##......[..K@)## .#
* , #.###.########K##
*. #.# #.# #K# * ##. *
#.# #.#* * #.., ** #..
,..# , #.. , ,, , ,#..
## * *,...# * #.. ....,
#.. ...# #####.. * *
#....<.


You could see a sky beast and 3 kobolds.

Vanquished Creatures
  Maggie (D:7)
  Sigmund (D:5)
  3 steam dragons
  Edmund (D:5)
  5 water moccasins
  2 sky beasts
  A black bear (D:5)
  3 ogres
  A centaur (D:5)
  A phantom (D:7)
  A kobold brigand (D:8)
  2 bullfrogs
  A necrophage (D:6)
  A gnoll sergeant (D:7)
  A scorpion (D:5)
  3 wights (D:8)
  A howler monkey (D:5)
  3 orc priests
  A gnoll bouda (D:6)
  2 hounds
  A jelly (D:6)
  5 iguanas
  4 orc wizards
  11 gnolls
  8 adders
  A shadow imp (D:5)
  2 white imps
  4 ufetubi
  6 worms
  25 orcs
  8 endoplasms
  2 giant cockroaches (D:4)
  9 goblins
  2 hobgoblins
  2 quokkas
  7 ball pythons
  7 bats
  4 frilled lizards
  A jackal skeleton (D:4)
  16 kobolds
  8 rats
168 creatures vanquished.

Vanquished Creatures (others)
  11 plants (D:6)
11 creatures vanquished.

Grand Total: 179 creatures vanquished

Notes
Turn   | Place    | Note
-------+----------+-------------------------------------------
     0 | D:1      | tilp the Meteoran Fighter began the quest for the Orb.
     0 | D:1      | Reached XP level 1. HP: 19/19 MP: 2/2
    32 | D:1      | Reached XP level 2. HP: 25/26 MP: 3/3
   102 | D:1      | Reached skill level 1 in Dodging
   137 | D:2      | Reached XP level 3. HP: 27/31 MP: 4/4
   324 | D:3      | Reached XP level 4. HP: 38/38 MP: 5/5
   474 | D:4      | Identified the +7 whip "Botusido" {elec, Fly rC+ SInv}
   550 | D:4      | Found a runed translucent door.
   550 | D:4      | Noticed a human
   567 | D:4      | Reached skill level 1 in Stealth
   599 | D:4      | Found a basalt altar of Yredelemnul.
   643 | D:4      | Reached XP level 5. HP: 41/46 MP: 6/6
   646 | D:5      | Entered Level 5 of the Dungeon
   657 | D:5      | Noticed a bullfrog
   669 | D:4      | Killed a bullfrog
   684 | D:5      | Reached XP level 6. HP: 52/52 MP: 7/7
   689 | D:5      | Found a staircase to the Ecumenical Temple.
   713 | D:5      | Noticed a centaur
   723 | D:5      | Killed a centaur
   724 | D:5      | Reached XP level 7. HP: 51/59 MP: 8/8
   738 | D:5      | Reached skill level 1 in Throwing
   809 | Temple   | Entered the Ecumenical Temple
  1171 | D:4      | Reached XP level 8. HP: 66/67 MP: 9/9
  1291 | D:3      | Found a runed translucent door.
  1292 | D:3      | Noticed Athor's ghost (amateur FoHu)
  1337 | D:3      | Found a white marble altar of Elyvilon.
  1339 | D:3      | Identified the +1 ring mail of Eternity {Fly Str+4}
  1366 | D:3      | Identified the +0 pair of boots of Saunues {rF++ rC+ Str-2
                  | Int+2}
  1676 | D:6      | Reached skill level 5 in Maces & Flails
  1676 | D:6      | Reached skill level 5 in Shields
  1699 | D:6      | Reached skill level 5 in Dodging
  1742 | D:5      | Reached skill level 5 in Armour
  1789 | D:6      | Found a sparkling altar of Nemelex Xobeh.
  1816 | D:6      | Reached skill level 5 in Fighting
  1832 | D:6      | Gained mutation: You passively map the area around you.
                  | [Meteoran growth]
  1832 | D:6      | Reached XP level 9. HP: 64/74 MP: 10/10
  1912 | D:6      | Found a blossoming altar of Fedhas.
  1984 | D:6      | Found a glowing drain.
  1989 | Sewer    | Entered a sewer
  2345 | D:5      | Found an ornate altar of the Wu Jian Council.
  2442 | D:5      | Noticed Edmund
  2453 | D:5      | Killed Edmund
  2468 | D:5      | Noticed Sigmund
  2473 | D:5      | Killed Sigmund
  2494 | D:5      | Found a sacrificial altar of Ru.
  2546 | D:5      | Found Gozag's Platinum Reserve.
  2551 | D:5      | Found an opulent altar of Gozag.
  2574 | D:5      | Found a transporter.
  2575 | D:5      | Noticed kae's ghost (novice DsTm)
  2576 | D:5      | Identified the +1 dire flail of the Two Names {protect,
                  | rElec rF+ MP+9 Dex-2}
  2744 | D:7      | Identified the +5 quarterstaff "Hutafein" {heavy, rF+
                  | Dex+2}
  2786 | D:6      | Identified a scroll of acquirement
  2786 | D:6      | Acquired a +1 cloak of willpower
  2850 | D:7      | Noticed Maggie
  2862 | D:7      | Killed Maggie
  2863 | D:7      | Reached XP level 10. HP: 62/83 MP: 11/11
  2970 | D:7      | Found a broken altar of Ashenzari.
  3217 | D:7      | Reached skill level 1 in Evocations
  3480 | D:8      | Slain by a kobold

Illustrated notes

Levels and vault maps discovered:
D:1:      lightli_arrival_quake, layout_rooms
D:2:      layout_basic, basic_altar, glass_columns_c, cheibrodos_gnoll_hut
D:3:      layout_basic, mainiacjoe_overflow_alcove_1, ebering_ghost_inner_flame
D:4:      layout_cave_pools, dk_yredelemnul_ordeal, minmay_distorted
D:5:      layout_cave_pools, pdpol_wu_jian_five_deadly_venoms,
          nicolae_ru_sacrificial_ziggurat, nicolae_gozag_zags_fifth_avenue,
          temple_fountains, gammafunk_ghost_smash, st_stairs_1,
          sigmund_edmund_badplayer
D:6:      layout_cave_pools, nemelex_xobeh_ov_fountains_minmay,
          fedhas_altar_decomposition, lightli_sewer_entry_pipes
D:7:      layout_loops_ring, mainiacjoe_overflow_paths, lightli_orcish_oven,
          uniq_maggie
D:8:      layout_loops_ring, xom_butterflies
Temple:   bh_familiar_temple

Skill      XL: |  1  2  3  4  5  6  7  8  9 10 |
---------------+-------------------------------+-----
Dodging        | 1 2 3 4 5 6 8 |  8.2
Long Blades    | 3 |  3.1
Armour         | 4 5 6 |  6.0
Stealth        | 1 2 3 4 |  4.0
Shields        | 4 5 6 |  6.0
Maces & Flails | 2 4 5 7 8 |  8.3
Fighting       | 4 5 6 |  6.3
Throwing       | 1 2 4 |  4.6
Evocations     | 2 |  2.8

Action                   |  1- 3 |  4- 6 |  7- 9 | 10-12 || total
-------------------------+-------+-------+-------+-------++-------
Melee: Long sword        |    80 |    44 |       |       ||   124
       Whip              |       |    41 |   261 |   119 ||   421
Throw: Stone             |     2 |       |       |       ||     2
       Boomerang         |       |       |     2 |       ||     2
  Use: Scroll            |       |       |    15 |       ||    15
       Potion            |       |       |     3 |     1 ||     4
Armor: Scale mail        |    44 |       |       |       ||    44
       Chain mail        |       |    58 |   121 |    43 ||   222
Dodge: Dodged            |    19 |    40 |    94 |    44 ||   197
Block: Buckler           |    28 |    29 |    67 |    23 ||   147

Table legend: (Time is in decaauts)
 A = Elapsed time spent in this place.
 B = Non-inter-level travel time spent in this place.
 C = Inter-level travel time spent in this place.
 D = Time resting spent in this place.
 E = Time spent auto-exploring this place.
 F = Levels seen in this place.
 G = Mean time per level.
                   A        B        C        D        E       F      G
               +--------+--------+--------+--------+--------+-----+--------+
         Total |   3469 |   2981 |    488 |      0 |      0 |  10 |  346.9 |
       Dungeon |   3018 |   2599 |    419 |      0 |      0 |   8 |  377.2 |
        Temple |    217 |    148 |     69 |      0 |      0 |   1 |  217.0 |
         Sewer |    233 |    233 |      0 |      0 |      0 |   1 |  233.0 |
               +--------+--------+--------+--------+--------+-----+--------+

Top non-repeatable levels by time:
     D:6: 583 daAuts
     D:5: 557 daAuts
     D:7: 532 daAuts
     D:3: 494 daAuts
     D:4: 361 daAuts
   Sewer: 233 daAuts
  Temple: 217 daAuts
     D:1: 184 daAuts
     D:2: 183 daAuts
     D:8: 121 daAuts
